 Dungeon Crawl Stone Soup version 0.23-a0-54-gae6112e (webtiles) character file.

48 Amnesiac the Gusty (level 3, -10/24 HPs)
             Began as a Mummy Air Elementalist on Aug 8, 2018.
             Killed by divine providence
             ... invoked by an orc priest
              (16 damage)
             ... on level 3 of the Dungeon.
             The game lasted 00:02:16 (975 turns).

Amnesiac the Gusty (Mummy Air Elementalist)          Turns: 975, Time: 00:02:16

Health: -10/24     AC:  2    Str: 11    XL:     3   Next: 50%
Magic:  2/7        EV: 12    Int: 15    God:
Gold:   52         SH:  0    Dex: 12    Spells: 5/8 levels left

rFire    x . .     SeeInvis .   f - +0 rapier
rCold    + . .     Gourm    .   (no shield)
rNeg     + + +     Faith    .   a - +0 robe
rPois    ∞         Spirit   .   (no helmet)
rElec    .         Reflect  .   (no cloak)
rCorr    .         Harm     .   (no gloves)
MR       .....                  (no boots)
Stlth    ++........             (no amulet)
HPRegen  0.08/turn              (no ring)
MPRegen  0.10/turn              (no ring)

@: very slightly contaminated
A: no food or potions, fire vulnerability, cold resistance 1, negative energy
resistance 3, torment resistance, unbreathing
a: no special abilities


You were on level 3 of the Dungeon.
You were not hungry.

You visited 1 branch of the dungeon, and saw 3 of its levels.

You collected 52 gold pieces.

Inventory:

Hand Weapons
 f - a +0 rapier (weapon)
Armour
 a - a +0 robe (worn)
Scrolls
 c - a scroll of blinking {!r, unknown}
 d - a scroll of teleportation {!r, unknown}
 e - a scroll of identify {!r, unknown}


   Skills:
 - Level 1.5 Dodging
 - Level 1.5 Stealth
 + Level 3.4 Spellcasting
 - Level 0.7 Conjurations
 * Level 3.4 Air Magic


You had 5 spell levels left.
You knew the following spells:

 Your Spells              Type           Power        Failure   Level  Hunger
a - Shock                 Conj/Air       #...         9%          1    N/A
z - Swiftness             Chrm/Air       #.......     14%         2    N/A

Your spell library contained the following spells:

 Spells                   Type           Power        Failure   Level  Hunger
 Lightning Bolt           Conj/Air       #.........   92%         5    N/A
 Airstrike                Air            ##........   43%         4    N/A
 Static Discharge         Conj/Air       #.......     24%         3    N/A

Dungeon Overview and Level Annotations

Branches:
Dungeon (3/15)

Altars:


Innate Abilities, Weirdness & Mutations

You do not eat or drink.
Your flesh is vulnerable to fire.
You are immune to poison.
Your flesh is cold resistant. (rC+)
You are immune to negative energy. (rN+++)
You are immune to unholy pain and torment.
You can survive without breathing.


Message History

You start resting.
HP restored.
You start resting.
The orc priest is too close now for your liking.
An orc priest is nearby!
You climb upwards.
There is a stone staircase leading down here.
You start resting.
Magic restored.
You start resting.
Magic restored.
You start resting.
HP restored.
You climb downwards.
The orc priest looks encouraged for a moment.
There is a stone staircase leading up here.
The orc priest hits you. The orc priest closely misses you.
You see here a dagger.
Casting: Shock (safe; 9% risk of failure)
Confirm with . or Enter, or press ? or * to list all spells.
Aiming: Shock (safe; 9% risk of failure)
Press: ? - help, Shift-Dir - straight line The zap hits the orc priest.
The orc priest is lightly wounded.
The zap misses the orc priest.
The orc priest calls down the wrath of Beogh upon you.
Beogh smites you!
Ouch! That really hurt!
* * * LOW HITPOINT WARNING * * *
Casting: Shock (safe; 9% risk of failure)
Confirm with . or Enter, or press ? or * to list all spells.
Aiming: Shock (safe; 9% risk of failure)
Press: ? - help, Shift-Dir - straight line You miscast Shock.
You are very lightly contaminated with residual magic.
Nothing appears to happen.
The orc priest hits you.
* * * LOW HITPOINT WARNING * * *
Casting: Shock (safe; 9% risk of failure)
Confirm with . or Enter, or press ? or * to list all spells.
Aiming: Shock (safe; 9% risk of failure)
Press: ? - help, Shift-Dir - straight line The zap hits the orc priest.
The orc priest is moderately wounded.
The zap hits the orc priest.
The orc priest is severely wounded.
The orc priest hits you but does no damage.
Casting: Shock (safe; 9% risk of failure)
Confirm with . or Enter, or press ? or * to list all spells.
Aiming: Shock (safe; 9% risk of failure)
Press: ? - help, Shift-Dir - straight line The zap hits the orc priest.
The orc priest is almost dead.
The zap misses the orc priest.
The orc priest hits you.
* * * LOW HITPOINT WARNING * * *
Casting: Shock (safe; 9% risk of failure)
Confirm with . or Enter, or press ? or * to list all spells.
Aiming: Shock (safe; 9% risk of failure)
Press: ? - help, Shift-Dir - straight line You miscast Shock.
Nothing appears to happen.
The orc priest mumbles some strange prayers to Beogh against you.
Beogh smites you!
Ouch! That really hurt!
You die...

#..# #o.###
#....# #.##.#
#.##.######.[
#
#..).........
##.
####)#####.#.
#...####)#
#....@o.)#
#..)####.#
### #<# #.#
#.#
#.#####)####
#.†.........
#)##########
#.#. ...#


You could see an orc priest.

Vanquished Creatures
  2 adders (D:2)
  A dart slug (D:2)
  2 leopard geckos
  5 orcs (D:3)
  A giant cockroach (D:3)
  A hobgoblin (D:3)
  5 kobolds
  2 bats
  A frilled lizard (D:2)
  2 rats (D:2)
22 creatures vanquished.

Notes
Turn   | Place    | Note
-------+----------+-------------------------------------------
     0 | D:1      | Amnesiac the Mummy Air Elementalist began the quest for the Orb.
     0 | D:1      | Reached XP level 1. HP: 13/13 MP: 4/4
   415 | D:2      | Reached XP level 2. HP: 12/19 MP: 0/6
   475 | D:2      | Learned a level 2 spell: Swiftness
   662 | D:3      | Reached XP level 3. HP: 24/24 MP: 7/7
   975 | D:3      | Killed from afar by an orc priest

Vault maps used:
D:1:      dpeg_arrival_tiny_h
D:2:      first_ration, nrook_mini_vaults, chequers_big_river
D:3:      minmay_diamond_boxcup, nemelex_diamond_rough_becter

Skill      XL: |  1 |
---------------+----+-----
Spellcasting   | 3 |  3.4
Air Magic      | 3 |  3.4
Dodging        | |  1.5
Stealth        | |  1.5
Conjurations   | |  0.7

Action                   || total
-------------------------++-------
Melee: Rapier            ||    11
       Short sword       ||     2
 Cast: Shock             ||    47
 Stab: Sleeping          ||     1
Armor: Robe              ||     9
Dodge: Dodged            ||    33

Table legend:
 A = Spawn XP
 B = Non-spawn XP
 C = Spawn XP percentage of total XP
 D = Spawn monster count
 E = Non-spawn monster count
 F = Spawn count percentage of total count
 G = Total turns spent on level
                    A         B        C        D         E        F      G
               +---------+---------+-------+---------+---------+-------+---------
         Total |       0 |      69 |   0.0 |       0 |      22 |   0.0 |   975
               +---------+---------+-------+---------+---------+-------+---------
           D:1 |       0 |       2 |   0.0 |       0 |       1 |   0.0 |   115
           D:2 |       0 |      41 |   0.0 |       0 |      10 |   0.0 |   610
           D:3 |       0 |      26 |   0.0 |       0 |      11 |   0.0 |   250
               +---------+---------+-------+---------+---------+-------+---------
